 Dungeon Crawl Stone Soup version 0.28-a0-819-g6ef7baa362 (webtiles) character file.

Game seed: 12069116926457546152

198 croobank the Insei (level 5, -9/34 HPs)
             Began as an Octopode Transmuter on Nov 9, 2021.
             Killed by divine providence
             ... invoked by an orc priest
              (13 damage)
             ... on level 3 of the Dungeon.
             The game lasted 00:14:51 (4067 turns).

croobank the Insei (Octopode Transmuter)            Turns: 4067, Time: 00:14:52

Health: -9/34      AC:  1    Str: 10    XL:     5   Next: 76%
Magic:  6/8        EV: 13    Int: 15    God:
Gold:   140        SH:  0    Dex: 13    Spells: 1/8 levels left

rFire   . . .      SeeInvis .   g - +0 war axe
rCold   . . .      Faith    .   (no shield)
rNeg    . . .      Spirit   .   (helmet restricted)
rPois   .          Reflect  .   (no amulet)
rElec   .          Harm     .   (no ring)
rCorr   .          Rampage  .   (no ring)
Will    .....                   (no ring)
Stlth   +++.......              (no ring)
HPRegen 0.11/turn               (no ring)
MPRegen 0.11/turn               (no ring)
                                (no ring)
                                (no ring)

@: no status effects
A: almost no armour, amphibious, 8 rings, camouflage 1, gelatinous body 1,
(nimble swimmer 1), tentacles
a: no special abilities


You were on level 3 of the Dungeon.
You visited 1 branch of the dungeon, and saw 3 of its levels.

You collected 140 gold pieces.

Inventory:

Hand Weapons
 g - a +0 war axe (weapon)
Missiles
 b - 30 poisoned darts
 c - 108 stones
 d - 39 bolts
Potions
 a - 2 potions of lignification
 f - a potion of degeneration


   Skills:
 + Level 1.8 Fighting
 + Level 1.5 Axes
 + Level 2.8 Dodging
 + Level 3.1 Stealth
 + Level 4.3 Unarmed Combat
 + Level 2.2 Spellcasting
 + Level 2.3 Transmutations


You had one spell level left.
You knew the following spells:

 Your Spells              Type           Power      Damage    Failure   Level
a - Beastly Appendage     Tmut           16%        N/A       9%          1
b - Wereblood             Tmut           8%         N/A       13%         2
c - Sandblast             Erth           2%         2d4       22%         1
d - Passwall              Tmut/Erth      4%         N/A       21%         2
e - Magic Dart            Conj           4%         1d3       22%         1

Your spell library contained the following spells:

 Spells                   Type           Power      Damage    Failure   Level
 Searing Ray              Conj           2%         2d4       32%         2
 Spider Form              Tmut/Pois      5%         N/A       38%         3
 Stone Arrow              Conj/Erth      2%         3d7       54%         3
 Ice Form                 Ice/Tmut       5%         N/A       80%         4
 Fulminant Prism          Conj/Hex       0%         3d6       91%         4


Dungeon Overview and Level Annotations

Branches:
Dungeon (3/15)

Altars:


Innate Abilities, Weirdness & Mutations

You cannot wear most types of armour.
You are amphibious.
You can wear up to eight rings at the same time.
Your skin changes colour to match your surroundings (Stealth+).
Your rubbery body absorbs attacks. (AC +1, EV +1)
((You are camouflaged near water. (Stealth+)))
You have tentacles for arms and can constrict up to eight enemies at once.


Message History

The magic dart hits the orc.
The orc is severely wounded.
An orc comes into view. It is wielding a +0 whip.
A dart slug comes into view.
You hit the orc.
You kill the orc!
An orc comes into view. It is wielding a +0 dagger.
An orc priest comes into view. It is wielding a +0 short sword.
Aiming: Magic Dart (safe; 22% risk of failure)
Press: ? - help, Q - select action, (/) - cycle Shift-Dir - straight line, f - orc priest
Aim: an orc priest, wielding a +0 short sword (100% to hit)
The magic dart hits the orc.
The orc is moderately wounded.
The orc shouts!
You hit the orc but do no damage. Your grab misses the orc.
The orc is moderately wounded.
The orc hits you with a +0 whip. The orc barely misses you.
You slash the orc!
You kill the orc!
You hit the endoplasm.
The endoplasm is heavily wounded.
The endoplasm closely misses you. x2
You hit the endoplasm.
You kill the endoplasm!
You hit the orc but do no damage. You grab the orc.
You constrict the orc, but do no damage.
The orc priest mumbles some strange prayers to Beogh against you.
Beogh smites you! The orc hits you with a +0 dagger. x2
* * * LOW HITPOINT WARNING * * *
As you read the scroll of teleportation, it crumbles to dust.
You feel strangely unstable.
You constrict the orc. The orc barely misses you.
You release your grip on the orc.
The orc priest looks satisfied for a moment.
Your surroundings suddenly seem different.
The dart slug launches a dart at you. The slug dart hits you.
* * * LOW HITPOINT WARNING * * *
The orc priest invokes the aid of Beogh against you.
Beogh smites you!
You die...

.......#####.........
..........†...#.........
............##.#..###....
............##.#.........
............##.#......#)#
............##.#......#.#
...........##.#......#.. .
#......#.##.#......#.. ..
#....@.#.##.###....#.. ...
#......#.##.########..
......###........#............
.>(...oo..J...................
......#######....###..........
....(.)o......................
......##.####...####..........
#.### #.# #...# #..........
#.# #...# ###........


You could see an orc priest, an orc and an endoplasm.

Vanquished Creatures
  An orc priest (D:3)
  8 adders
  A gnoll (D:1)
  2 worms (D:2)
  2 dart slugs (D:1)
  9 orcs (D:3)
  5 bats
  6 endoplasms
  A giant cockroach (D:3)
  A goblin (D:2)
  6 hobgoblins
  4 jackals (D:3)
  5 kobolds
  2 quokkas
  3 ball pythons
  10 frilled lizards
  5 rats
71 creatures vanquished.

Notes
Turn   | Place    | Note
-------+----------+-------------------------------------------
     0 | D:1      | croobank the Octopode Transmuter began the quest for the
                  | Orb.
     0 | D:1      | Reached XP level 1. HP: 13/13 MP: 3/3
   353 | D:1      | Reached XP level 2. HP: 16/18 MP: 5/5
   576 | D:1      | Reached skill level 1 in Stealth
   588 | D:1      | Learned a level 2 spell: Wereblood
   655 | D:1      | Reached XP level 3. HP: 21/23 MP: 6/6
  1873 | D:2      | Reached XP level 4. HP: 27/28 MP: 7/7
  1908 | D:2      | Reached skill level 4 in Unarmed Combat
  2196 | D:2      | Learned a level 1 spell: Sandblast
  2199 | D:2      | Learned a level 2 spell: Passwall
  3350 | D:3      | Reached XP level 5. HP: 23/33 MP: 5/8
  3722 | D:3      | Learned a level 1 spell: Magic Dart
  3778 | D:3      | Reached skill level 1 in Axes
  4067 | D:3      | Killed from afar by an orc priest

Illustrated notes

Levels and vault maps discovered:
D:1:      lightli_molten_gateway, layout_loops_ring
D:2:      layout_basic, serial_park_tiny_pond, minmay_box_of_dots
D:3:      layout_basic, grunt_ministairs_2, mrwooster_statue_mirror

Skill      XL: |  1  2  3  4  5 |
---------------+----------------+-----
Stealth        | 1 2 3 |  3.1
Unarmed Combat | 4 |  4.3
Axes           | 1 |  1.5
Fighting       | |  1.8
Dodging        | |  2.8
Spellcasting   | |  2.2
Transmutations | |  2.3

Action                   |  1- 3 |  4- 6 || total
-------------------------+-------+-------++-------
Melee: Unarmed           |    83 |    23 ||   106
       Constrict         |    18 |    21 ||    39
       Tentacles         |     7 |    13 ||    20
       Punch             |     2 |     2 ||     4
       War axe           |       |    64 ||    64
 Cast: Beastly Appendage |     2 |       ||     2
       Wereblood         |     1 |     3 ||     4
       Magic Dart        |       |     9 ||     9
  Use: Scroll            |     2 |     5 ||     7
       Potion            |     1 |     1 ||     2
 Stab: Sleeping          |    11 |     5 ||    16
Armor: Skin              |     5 |       ||     5
Dodge: Dodged            |    48 |    66 ||   114

Table legend: (Time is in decaauts)
 A = Elapsed time spent in this place.
 B = Non-inter-level travel time spent in this place.
 C = Inter-level travel time spent in this place.
 D = Time resting spent in this place.
 E = Time spent auto-exploring this place.
 F = Levels seen in this place.
 G = Mean time per level.
                   A        B        C        D        E       F      G
               +--------+--------+--------+--------+--------+-----+--------+
         Total |   4091 |   4073 |     18 |   1304 |   1979 |   3 | 1363.7 |
       Dungeon |   4091 |   4073 |     18 |   1304 |   1979 |   3 | 1363.7 |
               +--------+--------+--------+--------+--------+-----+--------+

Top non-repeatable levels by time:
     D:2: 1571 daAuts
     D:1: 1314 daAuts
     D:3: 1205 daAuts
